 Dungeon Crawl Stone Soup version 0.30.0-29-ga12c61a403 (webtiles) character file.

Game seed: 10749405670079388492

5699 hawla the Arsonist (level 11, 0/123 HPs)
             Began as a Meteoran Fire Elementalist on June 12, 2023.
             Was a Follower of Vehumet.
             Slain by jurchenman's ghost (5 damage)
             ... on level 8 of the Dungeon.
             The game lasted 00:18:49 (3699 turns).

hawla the Arsonist (Meteoran Fire Elementalist)     Turns: 3699, Time: 00:18:50

Health: 0/123      AC: 25    Str: 10    XL:     11   Next: 25%
Magic:  22/26      EV:  2    Int: 22    God:    Vehumet [*.....]
Gold:   100        SH:  0    Dex: 14    Spells: 19/31 levels left

rFire   . . .        q - +6 flail
rCold   . . .        (no shield)
rNeg    . . .        a - melded +0 robe
rPois   +            (helmet currently unavailable)
rElec   .            (cloak currently unavailable)
rCorr   .            (gloves currently unavailable)
SInv    .            (boots currently unavailable)
Will    ++...        (no amulet)
Stlth   +            e - +5 ring of evasion
HPRegen 0.40/turn    (no ring)
MPRegen 0.20/turn

%: no passive effects
@: lethally poisoned (0 -> -5), tree-form, very slightly contaminated, glowing
A: stationary, stasis, torment immunity, boosted hp, sense surroundings 2,
otherworldly, glowing, explore regen, (cold resistance 1), deterioration 1,
strong-willed 1, screaming 1
a: Renounce Religion


You were on level 8 of the Dungeon.
You worshipped Vehumet.
Vehumet was aware of your devotion.
You were a tree.
You visited 2 branches of the dungeon, and saw 9 of its levels.

You collected 265 gold pieces.
You spent 165 gold pieces at shops.

Inventory:

Hand Weapons
 q - a +6 flail (weapon)
Armour
 a - a +0 robe (melded)
Jewellery
 e - a +5 ring of evasion (left branch)
 i - a ring of ice
Wands
 h - a wand of roots (8)
 o - a wand of mindburst (21) (quivered)
Scrolls
 f - 5 scrolls of teleportation
 l - 2 scrolls of identify
 p - a scroll of magic mapping
 r - a scroll of fog
Potions
 c - a potion of might
 g - a potion of curing
 j - a potion of flight
 k - a potion of cancellation
 m - a potion of brilliance


   Skills:
 + Level 3.0 Fighting
 + Level 2.4 Maces & Flails
 + Level 4.5 Dodging
 - Level 1.4 Stealth
 + Level 10.9 Spellcasting
 + Level 7.7 Conjurations
 + Level 5.5 Transmutations
 + Level 11.0 Fire Magic
 + Level 3.0 Evocations


You had 19 spell levels left.
You knew the following spells:

 Your Spells              Type           Power      Damage    Failure   Level
a - Foxfire               Conj/Fire      100%       2x1d9     1%          1
b - Scorch                Fire           100%       2d9       1%          2
c - Flame Wave            Conj/Fire      52%        2d13      1%          4
d - Irradiate             Conj/Tmut      20%        3d18      10%         5

Your spell library contained the following spells:

 Spells                   Type           Power      Damage    Failure   Level
 Freeze                   Ice            48%        1d6       5%          1
 Inner Flame              Hex/Fire       36%        N/A       1%          3
 Volatile Blastmotes      Fire/Tloc      72%        2d16      1%          3
 Sublimation of Blood     Necr           12%        N/A       9%          2
 Petrify                  Tmut/Erth      24%        N/A       17%         4
 Metabolic Englaciation   Hex/Ice        6%         N/A       83%         5
 Statue Form              Tmut/Erth      16%        N/A       95%         6


Dungeon Overview and Level Annotations

Branches:
Dungeon (8/15) Zot: 1138   Temple (1/1) D:6 Zot: 571
   Lair: D:8-11

Altars:
Ashenzari
Cheibriados
Dithmenos
Elyvilon
Fedhas
Gozag
Hepliaklqana
Kikubaaqudgha
Makhleb
Nemelex Xobeh
Okawaru
Qazlal
Ru
Sif Muna
Trog
Uskayaw
Vehumet
Wu Jian
Yredelemnul
Zin
The Shining One

Shops:
D:6 *

Annotations:
D:8 1 transporter, jurchenman's ghost, journeyman DEFE
Temple 2 transporters


Innate Abilities, Weirdness & Mutations

You are a tree.
Your roots penetrate the ground, keeping you stationary.
You cannot be teleported.
You are immune to unholy pain and torment.
Your maximum health is greatly increased.
Your equipment is partially melded.
You passively map the area around you.
You are easily found by Zot.
You glow in the dark.
You regain HP and MP as you explore.
((Your flesh is cold resistant. (rC+)))
Your body sometimes deteriorates upon taking damage.
You are strong-willed. (Will+)
You occasionally shout uncontrollably at your foes.


Message History

Casting: Irradiate (dangerous; 10% risk of failure)
Confirm with . or Enter, or press ? or * to list all spells.
Casting: Flame Wave (mildly dangerous; 1% risk of failure)
Press: ? - help, Dir - look around, f - activate A wave of flame ripples out!
The flame wave engulfs the gnoll bouda!
The gnoll bouda is heavily wounded.
The flame wave engulfs jurchenman's ghost!
Jurchenman's ghost resists.
Jurchenman's ghost is moderately damaged. (Press . to intensify the flame waves.)
You are covered in liquid flames!
* * * LOW HITPOINT WARNING * * *
You are no longer on fire.
Your attacks no longer feel as feeble.
You feel sick.
The gnoll bouda barks out a call to the hunt!
The gnolls pick up the pace!
Jurchenman's ghost sprays you with burning goo.
The sticky flame hits you.
You are covered in liquid flames!
* * * LOW HITPOINT WARNING * * *
The gnoll hits you but does no damage.
You are more poisoned.
The gnoll hits you but does no damage.
You are electrocuted!
* * * LOW HITPOINT WARNING * * *
The gnoll hits you but does no damage.
It was a potion of curing.
You feel better.
You are covered in liquid flames!
* * * LOW HITPOINT WARNING * * *
You are no longer on fire.
The gnoll bouda hits you but does no damage.
Jurchenman's ghost barely misses you.
The gnoll hits you from afar with a +2 halberd of venom.
* * * LOW HITPOINT WARNING * * *
You are lethally poisoned!
The gnoll hits you but does no damage. x2
* * * LOW HITPOINT WARNING * * *
You feel very sick.
The gnoll bouda hits you but does no damage.
Jurchenman's ghost hits you.
You die...

#...≈≈##g###W###.##≈≈..........
##..≈≈#..........W#≈≈.#..>..###
####..≈≈###g##'##.###≈≈.#.#.#.# #
#.....≈≈..#.# ..#.#..≈≈.#.###.# #
#.##..≈≈.##g# ,g#.##.≈≈.#.....# #
#.##..≈≈.#g.# #g.#.≈≈.#.##### #
#.##..≈≈.##.#####g##.≈≈.#.# #
#.###.≈≈..#.#8⌠8#W#.....#.#######
#.##..~~.©#)).gg♣.#©....#........
#.##..≈≈..#)#|g.#.#.....#.#######
#.....≈≈.##.##)##.##.≈≈.#.#
####..≈≈.#..#...#..#.≈≈.#.#
#.#.≈≈.##.#⌠.⌠#.##.≈≈.#.#
##..≈≈..#.#...#.#..≈≈...#
##.≈≈###.##'##.###≈≈.###
#.≈≈#...........#≈≈.#
#.≈≈##.###.###g##≈≈.#


You could see a gnoll bouda, jurchenman's ghost and 4 gnolls.

Vanquished Creatures
  A two-headed ogre (D:8)
  2 gargoyles (D:8)
  A hornet (D:8)
  Prince Ribbit (D:6)
  12 yaks (D:8)
  Eustachio (D:5)
  A steam dragon (D:6)
  Edmund (D:6)
  A sky beast (D:6)
  An orc warrior (D:8)
  An ice beast (D:7)
  2 black bears
  A centaur (D:7)
  3 gnoll sergeants
  2 scorpions (D:5)
  9 wights (D:8)
  4 howler monkeys
  A jelly (D:5)
  An orc priest (D:8)
  A gnoll bouda (D:4)
  3 hounds
  2 sleepcaps
  An iguana (D:5)
  2 orc wizards (D:4)
  Ijyb (D:4)
  7 adders
  16 gnolls
  An ufetubus (D:6)
  17 orcs
  3 ball pythons
  2 endoplasms (D:4)
  A giant cockroach (D:4)
  3 goblins
  2 hobgoblins
  8 jackals
  2 quokkas (D:5)
  A bat (D:3)
  2 frilled lizards
  6 kobolds
  A rat (D:3)
128 creatures vanquished.

Vanquished Creatures (others)
  232 foxfires
232 creatures vanquished.

Grand Total: 360 creatures vanquished

Notes
Turn   | Place    | Note
-------+----------+-------------------------------------------
     0 | D:1      | hawla the Meteoran Fire Elementalist began the quest for
                  | the Orb.
     0 | D:1      | Reached XP level 1. HP: 14/14 MP: 5/5
   269 | D:2      | Reached skill level 4 in Fire Magic
   269 | D:2      | Reached XP level 2. HP: 20/20 MP: 4/6
   272 | D:2      | Learned a level 2 spell: Scorch
   389 | D:3      | Reached XP level 3. HP: 26/26 MP: 2/8
   599 | D:4      | Reached XP level 4. HP: 33/33 MP: 7/10
   624 | D:4      | Learned a level 4 spell: Flame Wave
   713 | D:4      | Reached XP level 5. HP: 35/38 MP: 0/11
   788 | D:4      | Found a white marble altar of Elyvilon.
   873 | D:4      | Noticed Ijyb
   882 | D:4      | Killed Ijyb
   883 | D:4      | Reached XP level 6. HP: 35/45 MP: 1/12
   946 | D:4      | Reached skill level 1 in Evocations
  1006 | D:4      | Found a glowing golden altar of the Shining One.
  1032 | D:4      | Found a snail-covered altar of Cheibriados.
  1035 | D:4      | Found a hazy altar of Hepliaklqana.
  1035 | D:4      | Found a broken altar of Ashenzari.
  1042 | D:4      | Found an ancient bone altar of Kikubaaqudgha.
  1331 | D:5      | Entered Level 5 of the Dungeon
  1334 | D:5      | Reached skill level 5 in Fire Magic
  1334 | D:5      | Reached XP level 7. HP: 30/50 MP: 9/14
  1338 | D:5      | Reached skill level 5 in Conjurations
  1359 | D:5      | Identified the +3 scale mail of Anaesthesia {Harm *Corrode
                  | rF+++ rC+}
  1533 | D:5      | Reached skill level 5 in Spellcasting
  1576 | D:5      | Reached XP level 8. HP: 58/58 MP: 12/16
  1601 | D:5      | Noticed Eustachio
  1616 | D:5      | Killed Eustachio
  1617 | D:5      | Reached skill level 6 in Fire Magic
  1736 | D:5      | Reached skill level 1 in Maces & Flails
  2087 | D:6      | Noticed Edmund
  2094 | D:6      | Killed Edmund
  2095 | D:6      | Reached skill level 1 in Fighting
  2095 | D:6      | Reached skill level 7 in Fire Magic
  2104 | D:6      | Learned a level 5 spell: Irradiate
  2230 | D:6      | Reached skill level 1 in Transmutations
  2281 | D:6      | Noticed Prince Ribbit
  2287 | D:6      | Killed Prince Ribbit
  2288 | D:6      | Gained mutation: You passively map the area around you.
                  | [Meteoran growth]
  2288 | D:6      | Reached XP level 9. HP: 29/64 MP: 2/19
  2358 | D:6      | Found Echannid's General Store.
  2367 | D:6      | Bought a scroll of teleportation for 33 gold pieces
  2367 | D:6      | Bought a scroll of teleportation for 33 gold pieces
  2367 | D:6      | Bought a potion of heal wounds for 55 gold pieces
  2367 | D:6      | Bought a potion of brilliance for 44 gold pieces
  2393 | D:6      | Reached skill level 5 in Transmutations
  2437 | D:6      | Found an opulent altar of Gozag.
  2515 | D:6      | Found a staircase to the Ecumenical Temple.
  2528 | Temple   | Entered the Ecumenical Temple
  2528 | Temple   | Found a transporter.
  2528 | Temple   | Found a transporter.
  2530 | Temple   | Found a transporter.
  2530 | Temple   | Found a transporter.
  2542 | Temple   | Became a worshipper of Vehumet
  2678 | D:8      | Gained mutation: Your spells are a little easier to cast,
                  | but a little less powerful. [potion of mutation]
  2678 | D:8      | Gained mutation: You expend magic power (3 MP) to
                  | strengthen your wands. [potion of mutation]
  2679 | D:8      | Lost mutation: Your spells are a little easier to cast, but
                  | a little less powerful. [potion of mutation]
  2679 | D:8      | Lost mutation: You expend magic power (3 MP) to strengthen
                  | your wands. [potion of mutation]
  2679 | D:8      | Gained mutation: You are strong-willed. (Will+) [potion of
                  | mutation]
  2679 | D:8      | Gained mutation: Your body sometimes deteriorates upon
                  | taking damage. [potion of mutation]
  2679 | D:8      | Gained mutation: You occasionally shout uncontrollably at
                  | your foes. [potion of mutation]
  2679 | D:8      | Gained mutation: Your flesh is cold resistant. (rC+)
                  | [potion of mutation]
  2704 | D:8      | Reached skill level 8 in Fire Magic
  2720 | D:8      | Noticed a gargoyle
  2728 | D:8      | Killed a gargoyle
  2794 | D:8      | Reached XP level 10. HP: 60/72 MP: 0/23
  2826 | D:8      | Reached skill level 9 in Fire Magic
  2863 | D:8      | Found a stormy altar of Qazlal.
  2899 | D:8      | Found a transporter.
  2908 | D:8      | Identified the amulet "Doufirosm" {RegenMP rC- Regen+
                  | Stlth+}
  2926 | D:8      | Identified the +3 buckler "Bubiatuj" {Will+}
  3057 | D:8      | Reached * piety under Vehumet
  3057 | D:8      | Offered knowledge of Freeze by Vehumet.
  3058 | D:8      | Reached skill level 10 in Fire Magic
  3065 | D:8      | Reached skill level 10 in Spellcasting
  3265 | D:8      | Reached XP level 11. HP: 74/81 MP: 16/26
  3329 | D:8      | Noticed a two-headed ogre
  3336 | D:8      | Killed a two-headed ogre
  3380 | D:8      | Found a transporter.
  3392 | D:8      | Noticed jurchenman's ghost (journeyman DEFE)
  3690 | D:8      | Reached skill level 11 in Fire Magic
  3697 | D:8      | HP: 6/123 [gnoll/+2 spear of electrocution (12)]
  3699 | D:8      | Slain by jurchenman's ghost

Illustrated notes

Levels and vault maps discovered:
D:1:      nagdon_arrival_double_spiral, layout_basic
D:2:      cheibrodos_helix_gallery, layout_basic, minmay_3d_cube, uniq_robin,
          uniq_terence, uniq_sigmund, uniq_crazy_yiuf_cottage
D:3:      layout_loops_ring, st_stairs_7, dilly_guarded_unrand_morg
D:4:      layout_gridville, elyvilon_altar_1,
          nicolae_overflow_hallway_of_the_gods, uniq_ijyb
D:5:      nicolae_cairo_tiling_large, layout_rooms, uniq_eustachio
D:6:      layout_loops_ring, nicolae_gozag_cash_rules_everything_around_me,
          minmay_temple_entry_nine_rooms, serial_shops, shop, uniq_edmund,
          uniq_prince_ribbit1
D:7:      nzn_winding_woodlands_large [nzn_winding_woodlands_5x5_three,
          nzn_winding_woodlands_5x15_cabin,
          nzn_winding_woodlands_5x5_checkerboard,
          nzn_winding_woodlands_center_lodge,
          nzn_winding_woodlands_15x15_thick_spiral,
          nzn_winding_woodlands_center_triple_pond,
          nzn_winding_woodlands_hourglass, nzn_winding_woodlands_5x15_pool,
          nzn_winding_woodlands_5x5_closed_star], layout_loops_cross,
          glass_columns_a, nicolae_alphabet_shops, nicolae_shop_i_like_big_books
D:8:      layout_loops_corners, mainiacjoe_overflow_surrounded_room,
          gammafunk_ghost_gnarly_gnolls, minmay_misc_feat_tower
Temple:   hellmonk_temple_divided_pantheon

Skill      XL: |  1  2  3  4  5  6  7  8  9 10 11 |
---------------+----------------------------------+-----
Fire Magic     | 4 5 7 8 10 11 | 11.0
Spellcasting   | 3 4 5 6 8 10 | 10.9
Conjurations   | 3 4 5 6 7 |  7.7
Evocations     | 3 |  3.0
Dodging        | 3 4 |  4.5
Maces & Flails | 1 2 |  2.4
Fighting       | 1 2 3 |  3.0
Transmutations | 3 5 |  5.5
Stealth        | |  1.4

Action                     |  1- 3 |  4- 6 |  7- 9 | 10-12 || total
---------------------------+-------+-------+-------+-------++-------
  Melee: Unarmed           |     4 |       |       |       ||     4
         Club              |       |     3 |       |       ||     3
         Flail             |       |       |    17 |    14 ||    31
   Cast: Foxfire           |    25 |    35 |    43 |    31 ||   134
         Scorch            |       |    19 |    61 |    19 ||    99
         Flame Wave        |       |     3 |     7 |    10 ||    20
         Irradiate         |       |       |     2 |     4 ||     6
    Use: Scroll            |     6 |       |     5 |     2 ||    13
         Potion            |       |     2 |     4 |     4 ||    10
 Armour: Robe              |     1 |     2 |     5 |     3 ||    11
         Skin              |       |     2 |       |    13 ||    15
  Dodge: Dodged            |     4 |    21 |    55 |    23 ||   103
